Map: Thunderbird LE

Players

MaNa - Winner!

  • Race: Protoss Protoss
  • Spawn Location: 11:00

Cuddlebear

  • Race: Terran Terran
  • Spawn Location: 5:00

VOD

Have the link to the VOD?

Description

Time

  • Played on: Sept. 7, 2019, 10:33 a.m.
  • Length: 16:42
Show
View Real Time Build Order
Export as new Build Order

MaNa Protoss - Winner!

Build Orders: 1 Gate Expand, Oracle Opening 

Get SALT Encoding   

  12  0:00  Probe  
  13  0:12  Probe  
  14  0:19  Pylon  
  14  0:24  Probe  
  15  0:33  Probe  
  15  0:38  Gateway  
  15  0:41  Probe  
  16  0:47  Assimilator  
  17  0:51  Probe  
  18  1:03  Probe  
  19  1:15  Probe  
  20  1:24  Nexus  
  20  1:32  Cybernetics Core  
  20  1:36  Probe  
  21  1:42  Assimilator  
  21  1:48  Probe  
  21  1:52  Pylon  
  22  2:00  Probe, Adept  
  23  2:12  Probe  
  26  2:21  Adept  
  26  2:22  Stargate  
  26  2:24  Probe  
  27  2:34  Warp Gate  
  27  2:37  Probe x2  
  31  2:49  Probe x2  
  31  2:50  Adept  
  33  2:57  Pylon  
  33  2:58  Oracle  
  35  3:01  Probe x2  
  40  3:13  Probe x2  
  42  3:22  Gateway  
  42  3:23  Gateway  
  42  3:25  Probe  
  43  3:27  Probe  
  44  3:35  Oracle  
  44  3:37  Probe  
  48  3:43  Probe  
  48  3:49  Probe  
  48  3:55  Probe  
  49  3:59  Assimilator  
  49  4:00  Assimilator  
  49  4:01  Probe  
  50  4:07  Probe  
  51  4:13  Probe  
  50  4:24  Probe, Robotics Facility  
  50  4:25  Phoenix  
  50  4:29  Probe  
  53  4:35  Nexus  
  53  4:36  Pylon, Probe  
  54  4:40  Pylon  
  54  4:44  Probe  
  53  4:54  Phoenix  
  53  4:55  Sentry, Stalker x2  
  53  4:59  Pylon  
  61  5:04  Probe x2  
  63  5:07  Observer, Forge  
  63  5:13  Pylon  
  64  5:17  Probe x2  
  66  5:21  Phoenix  
  66  5:24  Immortal  
  68  5:30  Protoss Ground Weapons Level 1  
  68  5:32  Robotics Bay  
  68  5:34  Probe  
  73  5:43  Pylon, Probe  
  73  5:46  Probe  
  73  5:47  Probe  
  76  5:55  Probe  
  74  5:57  Stalker  
  74  5:58  Probe, Stalker  
  74  6:01  Stalker  
  81  6:05  Probe  
  81  6:07  Probe  
  81  6:11  Probe  
  84  6:18  Probe  
  84  6:21  Stalker x2  
  84  6:25  Stalker  
  83  6:40  Probe  
  83  6:43  Probe x2  
  83  6:44  Warp Prism  
  83  6:46  Stalker x2  
  88  6:49  Assimilator  
  88  6:50  Assimilator  
  88  6:51  Twilight Council  
  88  6:52  Forge  
  83  6:56  Probe  
  83  7:00  Probe x2  
  84  7:09  Probe  
  84  7:10  Probe  
  84  7:11  Probe, Nexus  
  84  7:12  Oracle  
  90  7:15  Protoss Ground Armor Level 1  
  90  7:18  Probe x2  
  90  7:19  Probe  
  92  7:27  Probe x2, Charge  
  92  7:29  Probe, Protoss Ground Weapons Level 2  
  93  7:34  Immortal  
  100  7:44  Zealot x3  
  106  7:51  Pylon  
  106  7:53  Probe  
  106  7:54  Probe x2  
  106  7:55  Pylon  
  109  8:05  Stalker x2  
  108  8:14  Probe x2, Stalker  
  108  8:15  Probe  
  104  8:28  Stalker x2  
  104  8:29  Probe x3  
  104  8:34  Colossus  
  106  8:41  Probe x2, Extended Thermal Lance  
  106  8:42  Probe x2  
  116  8:53  Probe  
  117  8:56  Sentry x2  
  117  8:57  Gateway x2  
  117  9:00  Pylon  
  117  9:01  Gateway  
  121  9:07  Protoss Ground Armor Level 2  
  121  9:10  Gateway  
  121  9:11  Gateway x2  
  121  9:13  Gateway  
  121  9:15  Blink  
  121  9:19  Zealot  
  121  9:20  Zealot x2  
  127  9:29  Colossus  
  133  9:41  Zealot  
  133  9:42  Zealot x2  
  139  9:47  Probe  
  139  9:48  Probe  
  141  9:54  Protoss Ground Weapons Level 3, Pylon x2  
  141  9:55  Pylon  
  141  9:56  Pylon  
  141  9:58  Pylon  
  141  9:59  Pylon  
  139  10:05  Zealot x3, Stalker x3  
  145  10:11  Probe  
  145  10:12  Probe x2  
  148  10:18  Robotics Facility  
  148  10:21  Zealot x2  
  150  10:25  Probe x3  
  153  10:35  Pylon  
  153  10:36  Immortal  
  153  10:37  Templar Archives  
  153  10:39  Assimilator  
  157  10:42  Pylon  
  157  10:44  Shield Battery  
  157  10:47  Nexus  
  157  10:48  Probe x3  
  160  11:01  Fleet Beacon, Assimilator  
  160  11:02  Stargate  
  160  11:08  Zealot  
  160  11:09  Zealot x3  
  166  11:26  Psionic Storm  
  166  11:30  Stalker x2  
  166  11:33  Zealot x3  
  166  11:35  High Templar x3  
  178  11:48  Tempest  
  178  11:54  Zealot x5  
  188  12:01  Probe x4  
  155  12:08  High Templar  
  155  12:09  Zealot x3, Probe x2, High Templar x2  
  155  12:10  Probe x2  
  155  12:15  Probe  
  168  12:17  Probe  
  168  12:18  Probe  
  170  12:26  Tempest  
  170  12:27  Tempest  
  180  12:39  Pylon  
  180  12:49  Protoss Shields Level 1  
  180  12:58  Protoss Ground Armor Level 3  
  180  13:11  Tempest  
  180  13:12  Zealot x8  
  196  13:15  Tempest  
  180  13:29  Zealot x2  
  180  13:32  Stalker x2  
  180  13:33  Stalker x2  
  184  13:35  Assimilator, Stalker x3  
  184  13:36  Assimilator  
  190  13:49  Disruptor x2  
  196  13:59  Protoss Air Weapons Level 1  
  189  14:39  Tempest x2  
  197  15:18  Archon  
  169  15:23  Immortal x2  
  169  15:25  Stalker x5  
  169  15:26  Stalker x4  
  152  15:49  Sentry x2, Stalker x3  
  162  15:50  Zealot x5  
  162  15:52  Immortal  
  162  15:53  Warp Prism  
  162  15:54  Tempest x2  
  182  16:01  Photon Cannon  
  184  16:08  Zealot x8  
  168  16:33  Zealot x5, High Templar x3  
  168  16:34  Zealot, High Templar  
Show
View Real Time Build Order
Export as new Build Order

Cuddlebear Terran 

Build Orders: Reaper Expand 

Get SALT Encoding   

  12  0:00  SCV  
  13  0:13  SCV  
  14  0:18  Supply Depot  
  14  0:25  SCV  
  15  0:39  SCV  
  15  0:41  Barracks  
  16  0:44  Refinery  
  16  0:51  SCV  
  17  1:04  SCV  
  18  1:16  SCV  
  19  1:31  Orbital Command, Reaper  
  20  1:44  Command Center  
  20  1:57  SCV  
  20  1:59  Supply Depot  
  21  2:04  Barracks Reactor  
  21  2:09  SCV  
  21  2:15  Bunker  
  22  2:22  SCV  
  23  2:24  Factory  
  23  2:27  Refinery  
  23  2:34  SCV  
  24  2:41  Marine x2  
  26  2:46  SCV  
  27  2:56  Orbital Command  
  27  2:58  SCV  
  28  2:59  Marine x2  
  30  3:08  Starport  
  30  3:09  Factory Tech Lab  
  30  3:11  SCV  
  31  3:17  Marine x2  
  33  3:23  SCV x2  
  35  3:31  Cyclone  
  38  3:35  SCV  
  38  3:38  SCV  
  40  3:47  SCV  
  41  3:52  SCV  
  41  3:53  Marine  
  41  3:54  Marine  
  41  3:55  Viking  
  46  3:59  Supply Depot  
  46  4:01  SCV  
  46  4:04  Supply Depot  
  46  4:06  SCV  
  46  4:20  Mag-Field Accelerator  
  46  4:25  Cyclone, SCV x2, Marine x2  
  46  4:26  Supply Depot  
  46  4:31  Supply Depot  
  53  4:32  Viking  
  53  4:35  Supply Depot  
  53  4:38  SCV  
  56  4:43  SCV, Marine x2  
  59  4:50  SCV  
  58  4:55  SCV  
  58  4:58  Supply Depot  
  58  4:59  Supply Depot, Cyclone  
  62  5:01  Reaper  
  62  5:02  SCV  
  64  5:09  Medivac  
  64  5:10  SCV  
  67  5:14  SCV  
  67  5:16  Supply Depot  
  67  5:17  Marine  
  69  5:21  Supply Depot  
  69  5:22  SCV  
  69  5:28  Command Center  
  70  5:30  SCV  
  70  5:33  Supply Depot  
  70  5:35  Marine x2  
  71  5:40  Siege Tank  
  71  5:42  Liberator  
  76  5:45  SCV  
  77  5:53  Marine  
  77  5:54  Marine  
  79  6:00  Supply Depot  
  82  6:05  Refinery x2  
  82  6:06  SCV  
  82  6:07  Barracks, Engineering Bay  
  82  6:08  Barracks, SCV  
  84  6:15  Marine  
  84  6:16  Marine  
  85  6:18  SCV  
  86  6:27  SCV  
  73  6:43  Marine x2  
  73  6:45  Siege Tank  
  66  6:47  Terran Infantry Weapons Level 1  
  66  6:48  Engineering Bay  
  67  6:54  SCV  
  67  6:55  SCV  
  67  6:59  Barracks Tech Lab x2, Starport Reactor  
  67  7:01  Supply Depot, Barracks, Marine x2  
  67  7:02  Orbital Command  
  67  7:05  Barracks  
  67  7:07  SCV  
  67  7:13  Bunker  
  67  7:17  Bunker, Siege Tank  
  67  7:18  Stimpack, Marine  
  67  7:19  Marine  
  67  7:22  Combat Shield, Marine  
  72  7:24  SCV  
  72  7:27  SCV  
  72  7:28  SCV  
  72  7:29  Marine  
  77  7:31  Terran Infantry Armor Level 1  
  77  7:36  SCV  
  78  7:37  Marine x2  
  78  7:43  SCV  
  78  7:44  Marine  
  81  7:45  Medivac  
  81  7:47  Supply Depot  
  81  7:49  Marine  
  81  7:51  Barracks Tech Lab  
  85  7:52  Barracks Reactor  
  85  7:53  Refinery, SCV x2  
  85  7:54  Refinery  
  85  7:55  SCV  
  88  7:58  Supply Depot  
  88  8:00  Marine  
  88  8:02  Marauder  
  88  8:03  Supply Depot  
  88  8:05  SCV x2  
  93  8:07  Marine  
  91  8:15  SCV  
  91  8:18  Medivac x2, Marine  
  91  8:19  Marauder  
  97  8:20  SCV  
  97  8:21  Marine  
  97  8:22  SCV  
  97  8:23  Marine  
  100  8:27  SCV  
  100  8:32  SCV  
  100  8:35  SCV  
  100  8:39  SCV  
  94  8:44  SCV  
  94  8:47  SCV  
  94  8:48  Marauder, Marine  
  99  8:51  SCV  
  99  8:53  Armory  
  99  8:55  Supply Depot  
  100  8:57  SCV  
  100  8:58  Marine x2  
  100  8:59  Medivac x2  
  100  9:01  SCV  
  108  9:05  Siege Tank, Marine x2  
  108  9:08  SCV  
  114  9:11  SCV  
  114  9:13  Marine, SCV  
  114  9:14  Marine  
  118  9:20  SCV, Missile Turret  
  118  9:21  Liberator  
  118  9:22  Liberator, Missile Turret  
  118  9:23  SCV  
  120  9:25  Marauder, SCV, Marine  
  124  9:31  Marine  
  124  9:32  Marauder, SCV  
  124  9:35  Fusion Core  
  124  9:36  SCV  
  131  9:41  Starport  
  131  9:42  SCV  
  135  9:47  Marine x5  
  135  9:49  Missile Turret  
  140  9:55  SCV  
  140  9:57  SCV  
  142  10:00  Terran Infantry Armor Level 2, Terran Infantry Weapons Level 2  
  142  10:01  Missile Turret  
  142  10:03  Marine  
  142  10:05  Supply Depot  
  142  10:06  Marine  
  142  10:07  Liberator  
  142  10:12  Marine  
  145  10:15  Terran Ship Weapons Level 1  
  145  10:17  SCV  
  145  10:20  Marine  
  145  10:21  Command Center  
  145  10:25  Advanced Ballistics  
  143  10:32  Supply Depot  
  143  10:38  Marine  
  143  10:39  Marauder  
  146  10:43  Marine  
  146  10:45  Missile Turret  
  146  10:46  Supply Depot, Missile Turret, Marine  
  146  10:47  Marauder x2, Missile Turret, Supply Depot  
  146  10:48  Supply Depot  
  152  10:54  Marine  
  152  10:55  Ghost Academy  
  152  10:56  Concussive Shells, Marine  
  154  11:04  Marauder, Marine  
  155  11:07  Marine  
  155  11:08  Marauder, Marine  
  152  11:28  Ghost, Marine  
  152  11:31  Ghost, Marine  
  156  11:36  Ghost  
  156  11:37  Marine  
  156  11:39  Marine  
  158  11:46  Marine, Enhanced Shockwaves  
  158  11:49  Marine  
  158  11:50  Command Center  
  158  11:51  Supply Depot  
  159  11:55  Marine  
  159  11:56  Liberator x3  
  159  11:58  Marauder  
  159  12:00  Marauder  
  159  12:03  Marine  
  159  12:05  Ghost  
  151  12:12  Marine x3  
  151  12:14  Terran Ship Weapons Level 2  
  144  12:16  Supply Depot  
  144  12:19  Planetary Fortress, Marauder  
  144  12:21  Ghost  
  148  12:29  Refinery  
  148  12:31  Marine  
  148  12:32  Refinery, SCV x2  
  148  12:34  Marauder  
  148  12:35  Marine  
  154  12:38  Marine  
  154  12:40  Marauder  
  157  12:48  Sensor Tower  
  157  12:50  Marauder  
  157  12:51  Missile Turret  
  159  12:55  Terran Infantry Weapons Level 3  
  159  12:56  Marauder  
  161  13:00  Medivac x2  
  161  13:02  Marauder  
  167  13:07  Marine  
  167  13:11  Marauder, Orbital Command  
  169  13:17  Marauder  
  166  13:24  Marauder, Marine  
  166  13:26  Marine  
  165  13:29  Medivac  
  165  13:30  Medivac  
  165  13:32  Factory Reactor  
  165  13:33  Marauder  
  170  13:36  Starport  
  170  13:38  SCV x2  
  172  13:43  Marauder, Marine  
  172  13:45  Ghost  
  172  13:46  Marine  
  178  13:53  Medivac  
  180  13:56  Ghost, Marine  
  180  13:59  Marine  
  180  14:01  Marine  
  180  14:02  Terran Infantry Armor Level 3  
  185  14:03  Supply Depot  
  185  14:05  Marauder  
  185  14:08  Command Center  
  181  14:32  Ghost  
  181  14:33  Marine  
  181  14:37  Viking  
  181  14:38  Viking x2  
  187  14:42  Marine  
  187  14:43  Marauder  
  187  14:45  Supply Depot  
  182  14:48  Marine  
  182  14:49  Marauder  
  181  15:03  Ghost x2  
  181  15:04  Marine x2  
  184  15:08  Supply Depot x2  
  184  15:10  Supply Depot  
  152  15:24  Marine  
  152  15:25  Marauder  
  152  15:27  Marine x2  
  130  15:28  Marine  
  130  15:32  Barracks  
  130  15:33  Marauder x2  
  130  15:34  Barracks x2  
  130  15:35  Liberator x4  
  127  15:42  Marine  
  125  15:44  Marine  
  125  15:45  Marine  
  125  15:46  Marauder  
  125  15:47  Marine  
  131  15:52  Missile Turret  
  131  15:53  Missile Turret  
  131  15:54  Marauder x2  
  147  16:00  Marine  
  147  16:02  Marine x2  
  150  16:07  Ghost  
  140  16:20  Marine  
Tags
 
Add a new tag
Caveats
  • Supply blocks, unpowered buildings, or Contaminate may cause inaccurate times.
  • Supply counts are checked every 10 seconds.